Map: Blackpink LE

Players

SamuraiFunn

  • Race: Protoss Protoss
  • League: Platinum
  • Spawn Location: 1:00

A.I. 1 (Very Hard) - Winner!

  • Race: Protoss Protoss
  • Spawn Location: 7:00

VOD

Have the link to the VOD?

Description

Time

  • Played on: Nov. 30, 2017, 8:37 p.m.
  • Length: 15:16
Show
View Real Time Build Order
Export as new Build Order

SamuraiFunn Protoss 

Build Orders:  

Get SALT Encoding   

  12  0:01  Probe  
  13  0:13  Probe  
  14  0:21  Pylon  
  14  0:25  Probe  
  15  0:39  Probe  
  16  0:47  Gateway  
  16  0:51  Probe (Chrono Boost)  
  17  1:01  Probe (Chrono Boost)  
  18  1:05  Probe, Pylon  
  19  1:12  Assimilator  
  19  1:17  Probe  
  20  1:29  Probe  
  21  1:41  Probe  
  21  1:45  Assimilator  
  22  1:51  Zealot (Chrono Boost)  
  22  1:53  Probe  
  25  1:57  Cybernetics Core  
  25  2:08  Probe  
  26  2:18  Nexus  
  26  2:20  Probe  
  27  2:25  Gateway  
  27  2:33  Probe  
  28  2:45  Probe, Pylon  
  28  2:48  Warp Gate (Chrono Boost)  
  29  3:00  Robotics Facility, Stalker  
  29  3:05  Probe  
  32  3:12  Pylon  
  32  3:17  Probe  
  32  3:19  Stalker  
  35  3:29  Probe  
  35  3:32  Probe  
  37  3:34  Gateway  
  37  3:40  Stalker  
  39  3:44  Probe  
  40  3:52  Observer  
  40  3:54  Probe  
  42  4:04  Probe  
  42  4:07  Probe  
  42  4:08  Stalker  
  46  4:13  Observer  
  46  4:16  Probe, Twilight Council  
  48  4:33  Probe x2  
  48  4:35  Pylon  
  50  5:00  Stalker x3  
  50  5:03  Probe x2  
  50  5:05  Nexus  
  50  5:06  Pylon  
  58  5:09  Pylon  
  58  5:15  Probe x2  
  58  5:19  Observer  
  58  5:20  Assimilator  
  61  5:23  Assimilator  
  61  5:27  Probe x2  
  63  5:32  Stalker x2  
  63  5:33  Stalker  
  69  5:39  Probe  
  69  5:40  Probe  
  71  5:52  Probe x2  
  73  6:04  Probe  
  73  6:07  Probe  
  73  6:10  Stalker x3  
  81  6:21  Probe x3  
  84  6:37  Probe  
  84  6:38  Probe x2  
  87  6:46  Pylon  
  87  6:49  Warp Prism  
  87  6:50  Probe x3  
  87  6:51  Pylon  
  92  6:58  Pylon  
  92  7:02  Robotics Facility, Robotics Bay  
  92  7:09  Probe x2  
  92  7:10  Probe  
  95  7:17  Blink (Chrono Boost)  
  95  7:21  Stalker  
  95  7:22  Stalker x2  
  101  7:25  Immortal  
  105  7:30  Probe  
  105  7:31  Probe  
  105  7:32  Probe  
  105  7:35  Pylon  
  108  7:51  Assimilator  
  108  7:53  Probe x2, Assimilator  
  108  7:54  Probe  
  111  8:04  Stalker x2  
  111  8:05  Probe, Stalker  
  117  8:06  Probe x2  
  120  8:13  Gateway  
  120  8:14  Gateway  
  120  8:16  Gateway  
  118  8:20  Gateway  
  118  8:33  Stalker  
  118  8:34  Stalker x2  
  124  8:45  Immortal x2  
  132  8:55  Pylon  
  132  8:58  Pylon  
  132  8:59  Extended Thermal Lance  
  128  9:05  Pylon  
  128  9:06  Gateway  
  128  9:08  Gateway, Stalker  
  128  9:09  Stalker  
  132  9:10  Gateway  
  132  9:23  Robotics Facility  
  132  9:24  Disruptor x2  
  137  9:48  Stalker x2  
  137  9:49  Stalker  
  143  9:53  Stalker x3  
  143  9:54  Stalker  
  143  9:59  Colossus  
  156  10:09  Pylon  
  156  10:10  Pylon  
  156  10:11  Pylon  
  156  10:12  Pylon  
  156  10:15  Pylon  
  156  10:17  Pylon  
  156  10:26  Colossus  
  162  10:40  Stalker x4  
  162  10:41  Stalker x6  
  182  10:47  Charge (Chrono Boost)  
  182  11:21  Disruptor x2  
  188  11:28  Warp Prism  
  145  11:59  Stalker x5  
  145  12:00  Stalker x2  
  135  12:29  Stalker x3  
  141  12:30  Stalker x6  
  153  12:51  Nexus  
  153  12:53  Pylon, Forge  
  153  12:54  Forge  
  153  12:55  Pylon  
  153  12:56  Forge, Zealot x2  
  153  12:57  Zealot x5  
  153  12:58  Zealot x2, Assimilator  
  169  12:59  Zealot  
  169  13:03  Assimilator  
  101  13:44  Immortal x3  
  101  13:46  Stalker x3  
  101  13:47  Stalker x6  
  101  13:48  Stalker  
  109  14:40  Nexus  
  109  14:58  Zealot x3  
  109  14:59  Zealot x3  
  105  15:01  Zealot x2  
  105  15:02  Zealot x2  
Show
View Real Time Build Order
Export as new Build Order

A.I. 1 (Very Hard) Protoss - Winner!

Build Orders:  

Get SALT Encoding   

  12  0:00  Probe  
  13  0:13  Probe  
  14  0:20  Pylon  
  14  0:25  Probe  
  15  0:38  Probe  
  16  0:48  Assimilator  
  16  0:50  Probe  
  16  0:51  Gateway  
  17  1:00  Pylon  
  17  1:02  Probe  
  18  1:14  Probe  
  19  1:27  Probe  
  20  1:39  Probe  
  21  1:40  Zealot  
  21  1:41  Cybernetics Core  
  23  1:51  Probe  
  24  2:03  Probe, Nexus  
  25  2:17  Gateway  
  25  2:25  Pylon  
  25  2:28  Zealot  
  27  2:31  Probe  
  27  2:35  Warp Gate  
  28  2:43  Probe  
  28  2:44  Assimilator  
  29  2:56  Probe, Adept  
  32  3:03  Adept  
  34  3:08  Probe, Pylon  
  35  3:14  Probe  
  36  3:22  Probe, Stalker  
  36  3:27  Probe  
  40  3:34  Probe  
  41  3:39  Probe  
  42  3:42  Robotics Facility  
  42  3:45  Adept  
  44  3:49  Probe  
  44  3:51  Probe  
  46  3:55  Adept  
  46  4:01  Probe  
  49  4:03  Probe  
  50  4:12  Adept  
  50  4:13  Probe  
  50  4:15  Probe, Pylon  
  54  4:25  Probe  
  54  4:27  Probe  
  54  4:29  Immortal  
  60  4:36  Pylon, Stalker  
  60  4:37  Probe  
  63  4:39  Probe  
  64  4:47  Stalker  
  64  4:49  Probe  
  64  4:51  Probe  
  68  4:54  Robotics Facility  
  68  5:00  Stalker  
  68  5:06  Probe  
  71  5:08  Probe, Immortal  
  71  5:13  Pylon  
  76  5:16  Pylon  
  76  5:22  Stalker  
  78  5:31  Sentry, Probe, Assimilator  
  78  5:32  Probe  
  78  5:35  Gateway  
  82  5:44  Pylon  
  82  5:45  Sentry, Assimilator  
  84  5:54  Probe, Zealot  
  87  6:05  Pylon  
  87  6:08  Zealot  
  87  6:09  Robotics Bay  
  89  6:11  Probe  
  89  6:13  Probe  
  89  6:14  Stalker  
  93  6:24  Probe  
  94  6:25  Pylon  
  94  6:31  Stalker  
  96  6:35  Stalker  
  98  6:41  Forge  
  98  6:44  Pylon  
  98  6:45  Sentry  
  100  6:50  Forge  
  100  6:54  Gateway  
  100  6:56  Colossus  
  106  7:10  Observer  
  107  7:16  Photon Cannon, Protoss Ground Weapons Level 1  
  107  7:20  Zealot  
  109  7:25  Pylon  
  109  7:30  Protoss Ground Armor Level 1, Colossus  
  115  7:49  Warp Prism  
  117  7:53  Photon Cannon  
  117  7:55  Photon Cannon  
  117  8:00  Pylon  
  117  8:02  Gateway  
  117  8:04  Nexus  
  117  8:07  Stalker  
  117  8:11  Stalker  
  121  8:22  Pylon  
  121  8:24  Extended Thermal Lance, Colossus  
  121  8:25  Disruptor  
  130  8:37  Photon Cannon  
  130  8:41  Pylon  
  130  8:52  Photon Cannon, Stalker  
  130  8:54  Stalker  
  130  8:58  Pylon  
  130  9:01  Disruptor  
  130  9:02  Pylon  
  133  9:05  Pylon  
  133  9:08  Pylon  
  133  9:17  Probe  
  133  9:18  Probe x2, Observer  
  137  9:30  Probe x3, Pylon  
  140  9:32  Twilight Council  
  140  9:33  Assimilator  
  140  9:37  Observer  
  140  9:38  Pylon  
  140  9:40  Protoss Shields Level 1  
  140  9:42  Probe x2  
  140  9:43  Probe  
  143  9:47  Assimilator  
  143  9:54  Probe x2  
  143  9:56  Probe  
  143  9:59  Warp Prism  
  148  10:02  Gateway  
  148  10:04  Robotics Facility  
  148  10:06  Probe, Nexus  
  149  10:10  Blink  
  149  10:11  Probe  
  149  10:13  Probe  
  151  10:18  Probe  
  152  10:23  Protoss Ground Weapons Level 2, Probe  
  153  10:30  Stargate  
  153  10:39  Colossus  
  153  10:40  Colossus  
  159  10:47  Disruptor  
  162  10:53  Zealot  
  162  10:55  Zealot  
  162  10:56  Disruptor, Observer Gravitic Boosters  
  169  10:58  Zealot  
  169  10:59  Stalker  
  173  11:09  Stalker  
  175  11:12  Stalker  
  175  11:15  Stalker  
  175  11:18  Probe, Stalker  
  181  11:19  Probe  
  183  11:28  Immortal, Assimilator  
  183  11:31  Pylon  
  189  11:32  Immortal  
  189  11:34  Immortal  
  191  11:40  Stalker  
  191  11:41  Sentry  
  191  11:44  Stalker  
  191  11:47  Stalker  
  169  11:57  Assimilator  
  169  11:58  Sentry  
  162  12:03  Photon Cannon  
  162  12:07  Immortal  
  153  12:12  Immortal, Colossus  
  153  12:13  Zealot  
  153  12:14  Pylon, Zealot  
  157  12:29  Stalker  
  159  12:32  Zealot  
  161  12:39  Photon Cannon  
  161  12:41  Photon Cannon  
  161  12:42  Protoss Ground Armor Level 2  
  161  12:46  Colossus  
  161  12:50  Disruptor  
  170  12:56  Gravitic Drive  
  170  12:59  Adept  
  170  13:03  Sentry  
  170  13:05  Zealot  
  176  13:06  Stalker, Colossus  
  176  13:07  Nexus  
  184  13:18  Stalker  
  186  13:20  Stalker  
  186  13:21  Zealot  
  186  13:24  Probe  
  186  13:25  Zealot  
  186  13:26  Probe, Disruptor, Zealot  
  191  13:28  Probe  
  191  13:29  Probe  
  191  13:33  Zealot  
  159  13:36  Probe  
  159  13:38  Probe  
  159  13:41  Adept, Stalker  
  148  13:44  Stalker  
  148  13:47  Sentry, Stalker  
  156  13:56  Disruptor  
  156  13:58  Zealot  
  156  14:02  Adept  
  163  14:04  Stalker  
  163  14:07  Stalker  
  167  14:10  Stalker  
  167  14:13  Stalker  
  167  14:16  Disruptor  
  174  14:19  Disruptor  
  177  14:27  Pylon  
  177  14:34  Sentry x2, Adept, Zealot  
  177  14:35  Stalker  
  177  14:37  Stalker  
  189  14:45  Nexus  
  189  14:54  Stalker  
  189  14:55  Photon Cannon  
  189  14:57  Zealot  
  189  14:59  Pylon  
  191  15:00  Zealot  
  191  15:02  Zealot  
  191  15:03  Zealot  
  191  15:04  Zealot  
Tags
 
League
Platinum
Matchup
PvP
Replay Pack
First 100 games
Spawn Locations
Cross Positions
Add a new tag
Caveats
  • Supply blocks, unpowered buildings, or Contaminate may cause inaccurate times.
  • Supply counts are checked every 10 seconds.